Map: Echo LE (Void)

Players

Easy - Winner!

  • Race: Zerg Zerg
  • Spawn Location: 11:00

Iksf

  • Race: Zerg Zerg
  • Spawn Location: 5:00

VOD

Have the link to the VOD?

Description

Early roach timing push by HDgames Easy

Time

  • Played on: Jan. 17, 2017, 10:30 a.m.
  • Length: 11:41
Show
View Real Time Build Order
Export as new Build Order

Easy Zerg - Winner!

Build Orders: Pool First 

Get SALT Encoding   

  12  0:00  Drone  
  13  0:09  Drone  
  14  0:17  Overlord  
  14  0:23  Drone, Extractor  
  15  0:37  Drone x2  
  17  0:45  Spawning Pool  
  17  0:47  Drone  
  17  1:08  Hatchery  
  16  1:12  Drone  
  16  1:17  Overlord  
  17  1:25  Extractor  
  17  1:31  Zergling x4  
  18  1:34  Queen  
  18  1:38  Drone  
  21  1:48  Drone  
  22  1:59  Drone  
  23  2:09  Queen  
  23  2:13  Drone  
  26  2:21  Drone x2, Queen  
  30  2:34  Overlord  
  30  2:37  Drone  
  31  2:45  Drone x2  
  31  2:46  Drone x2  
  31  2:47  Lair  
  36  2:51  Drone  
  36  2:57  Evolution Chamber  
  35  2:59  Overlord  
  35  3:02  Drone  
  36  3:07  Drone  
  37  3:13  Drone  
  37  3:18  Roach Warren  
  37  3:22  Drone  
  37  3:23  Drone x2  
  40  3:30  Drone x2  
  40  3:31  Drone x2  
  40  3:33  Overlord  
  44  3:42  Evolution Chamber, Zerg Missile Weapons Level 1  
  44  3:43  Drone  
  44  3:44  Drone  
  44  3:47  Extractor  
  44  3:49  Drone, Extractor  
  44  3:52  Drone x2  
  46  3:57  Glial Reconstitution  
  46  4:01  Drone x2  
  48  4:03  Drone x2  
  48  4:05  Drone  
  51  4:10  Overlord  
  51  4:17  Roach x2  
  51  4:18  Roach  
  51  4:22  Roach  
  59  4:30  Roach  
  61  4:32  Overlord  
  61  4:33  Overlord  
  61  4:34  Roach x2  
  65  4:40  Overseer  
  65  4:44  Roach  
  66  4:55  Overlord  
  66  4:57  Roach x2  
  66  4:58  Hatchery  
  69  5:00  Roach  
  71  5:12  Roach x3  
  71  5:13  Roach x2  
  81  5:15  Overlord  
  81  5:19  Drone x3  
  84  5:25  Drone  
  85  5:30  Overlord  
  85  5:31  Drone x2  
  85  5:32  Drone x2  
  90  5:42  Drone  
  90  5:43  Drone  
  88  5:53  Roach x4  
  90  6:03  Drone x4  
  86  6:09  Extractor  
  86  6:10  Extractor  
  86  6:12  Drone x3  
  86  6:15  Ravager x4  
  91  6:19  Hatchery  
  91  6:21  Roach  
  91  6:23  Roach x2  
  91  6:25  Ravager x2  
  98  6:30  Roach  
  98  6:32  Overlord x2  
  100  6:34  Zerg Missile Weapons Level 2  
  91  6:40  Roach x3  
  91  6:46  Roach x3  
  103  6:50  Roach x2  
  107  6:59  Roach x4  
  112  7:02  Roach x2  
  112  7:03  Roach  
  112  7:05  Overlord  
  112  7:07  Overlord  
  118  7:10  Drone x2  
  118  7:11  Drone  
  118  7:12  Drone  
  118  7:13  Drone  
  125  7:15  Ravager x2  
  125  7:19  Roach x2  
  129  7:26  Overlord x2  
  129  7:28  Roach x2  
  133  7:30  Ravager  
  133  7:32  Ravager  
  133  7:35  Roach x2  
  139  7:41  Roach x2  
  143  7:44  Overlord x2  
  143  7:45  Overlord  
  143  7:50  Roach x3  
  143  7:51  Roach  
  151  7:56  Overlord x2  
  151  8:07  Roach x5  
  151  8:08  Roach x2  
  151  8:10  Roach  
  151  8:12  Ravager x2  
  169  8:18  Roach x3  
  175  8:26  Overseer  
  175  8:32  Roach x3  
  181  8:47  Roach x3  
  181  8:48  Roach  
  189  8:49  Hatchery  
  189  8:50  Overlord, Ravager  
  189  8:51  Overlord  
  164  9:04  Roach  
  164  9:05  Roach x11  
  140  9:21  Roach  
  140  9:22  Roach x8  
  147  9:31  Roach x4  
  137  9:41  Roach  
  137  9:42  Roach x5  
  149  9:49  Roach  
  149  9:50  Roach x3  
  155  9:56  Roach x3  
  149  10:13  Roach x8  
  149  10:14  Roach  
  149  10:26  Roach x4  
  149  10:27  Roach x2  
  161  10:31  Roach x3  
  167  10:39  Roach x3  
  167  10:40  Roach  
  157  10:50  Roach x6  
  155  10:58  Roach  
  155  10:59  Roach x4  
  161  11:11  Roach  
  161  11:12  Roach x4  
Show
View Real Time Build Order
Export as new Build Order

Iksf Zerg 

Build Orders: Hatch First 

Get SALT Encoding   

  12  0:00  Drone  
  13  0:12  Overlord  
  13  0:17  Drone  
  14  0:31  Drone x2  
  16  0:36  Drone  
  17  0:53  Hatchery  
  17  0:55  Drone  
  17  1:00  Drone  
  18  1:05  Extractor  
  17  1:14  Spawning Pool  
  17  1:18  Drone  
  17  1:21  Drone  
  18  1:30  Drone  
  19  1:40  Overlord  
  19  2:02  Queen  
  19  2:03  Zergling x4  
  19  2:06  Queen  
  25  2:09  Spine Crawler  
  25  2:13  Zergling x2  
  25  2:18  Metabolic Boost  
  25  2:23  Drone  
  25  2:28  Drone  
  27  2:34  Drone x2  
  30  2:37  Drone  
  30  2:41  Drone  
  31  2:45  Drone  
  31  2:51  Drone  
  33  2:59  Overlord  
  33  3:01  Drone  
  34  3:07  Drone  
  35  3:17  Baneling Nest  
  34  3:21  Hatchery  
  33  3:32  Drone x3  
  36  3:37  Overlord  
  36  3:51  Overlord x2  
  36  3:54  Evolution Chamber  
  36  3:58  Drone x5, Extractor  
  36  3:59  Lair  
  36  4:02  Drone  
  41  4:04  Drone  
  41  4:07  Drone x2  
  44  4:12  Overlord  
  44  4:19  Roach Warren  
  44  4:21  Zerg Missile Weapons Level 1  
  43  4:26  Drone  
  43  4:27  Drone x2  
  46  4:31  Overlord  
  46  4:37  Extractor  
  45  4:38  Drone x2  
  45  4:40  Queen  
  45  4:43  Drone  
  50  4:47  Overlord  
  50  4:51  Overlord  
  49  4:58  Glial Reconstitution  
  49  4:59  Roach x2  
  53  5:00  Roach  
  53  5:03  Roach  
  56  5:07  Roach  
  56  5:11  Roach x2  
  61  5:16  Roach  
  61  5:18  Roach  
  61  5:19  Roach  
  67  5:22  Roach  
  67  5:23  Roach  
  67  5:26  Roach  
  73  5:29  Roach  
  73  5:34  Roach x2  
  79  5:51  Roach x6  
  79  5:54  Drone  
  79  5:55  Drone x2  
  79  5:56  Roach  
  88  6:00  Roach  
  86  6:04  Roach x2  
  86  6:11  Overlord x2  
  90  6:32  Drone x4  
  94  6:33  Drone x4  
  96  6:40  Drone x2  
  96  6:44  Overlord x3  
  98  6:47  Overlord x2  
  98  6:50  Zerg Missile Weapons Level 2  
  98  6:58  Roach  
  98  6:59  Roach  
  98  7:04  Overlord  
  98  7:07  Ravager  
  98  7:08  Ravager x4  
  103  7:09  Roach  
  103  7:10  Roach  
  103  7:15  Roach  
  109  7:16  Overlord x2  
  109  7:19  Extractor  
  108  7:26  Roach x4  
  118  7:30  Roach  
  118  7:36  Roach x2  
  122  7:37  Overlord  
  122  7:38  Overlord  
  122  7:39  Roach  
  124  7:47  Roach x3  
  130  7:54  Roach  
  130  7:55  Roach x3  
  133  8:06  Roach x4  
  133  8:11  Overseer  
  141  8:14  Roach x2  
  141  8:16  Overlord x2  
  141  8:18  Extractor  
  144  8:26  Roach x5  
  154  8:28  Overlord x3  
  154  8:30  Roach  
  154  8:31  Roach  
  158  8:35  Drone x2  
  158  8:36  Drone x2  
  158  8:38  Roach x3  
  168  8:47  Roach x5  
  178  8:52  Overseer  
  174  8:58  Roach  
  174  8:59  Roach x3  
  153  9:04  Roach x3  
  153  9:06  Roach  
  153  9:08  Roach  
  127  9:10  Roach  
  127  9:14  Roach  
  127  9:15  Roach  
  122  9:23  Drone  
  122  9:24  Drone x4  
  121  9:41  Overlord x2  
  121  9:42  Ravager  
  121  9:43  Roach  
  124  9:52  Roach x3  
  126  10:01  Roach x4  
  126  10:05  Roach  
  114  10:08  Roach  
  114  10:11  Roach x2  
  98  10:17  Roach x2  
  93  10:21  Roach  
  90  10:30  Roach x3  
  94  10:38  Roach x2  
  96  10:45  Roach  
  96  10:49  Roach x2  
  79  10:51  Roach  
  59  10:58  Roach  
  59  10:59  Roach x3  
  61  11:13  Roach x2  
  65  11:19  Roach  
Tags
 
Add a new tag
Caveats
  • Supply blocks, unpowered buildings, or Contaminate may cause inaccurate times.
  • Supply counts are checked every 10 seconds.